 Dungeon Crawl Stone Soup version 0.24.0-123-gd5b16e6ec5 (webtiles) character file.

Game seed: 9511085288397217616, levelgen mode: deterministic

1794598 mnemonic the Conqueror (level 27, 248/248 (249) HPs)
             Began as a Merfolk Gladiator on Jan 24, 2020.
             Was the Champion of Makhleb.
             Escaped with the Orb
             ... and 3 runes on Jan 25, 2020!
             The game lasted 03:55:52 (71393 turns).

mnemonic the Conqueror (Merfolk Gladiator)         Turns: 71393, Time: 03:55:53

HP:   248/248 (249) AC: 50    Str: 37    XL:     27
MP:   44/44         EV: 11    Int:  9    God:    Makhleb [******]
Gold: 6597          SH: 43    Dex: 25    Spells: 31/40 levels left

rFire    + + .     SeeInvis +   a - +9 demon trident (vamp)
rCold    + + .     Gourm    .   j - +10 large shield of Ignorance {rN+ Int-4}
rNeg     + . .     Faith    .   N - +12 gold dragon scales
rPois    +         Spirit   .   I - +0 hat of a wizard's laboratory {rF+ Str+4 Int+6}
rElec    +         Reflect  +   F - +1 cloak {MR+}
rCorr    .         Harm     .   C - +2 pair of gloves "Jekuhaw" {Str+2 Dex+4 SInv}
MR       +++++                  m - +2 pair of boots {run}
Stlth    ..........             T - amulet "Zuasoer" {Reflect rElec MR+ Str+3 Dex+3 SH+5}
HPRegen  0.51/turn              w - ring "Veoj" {+Inv Slay+4}
MPRegen  0.29/turn              B - ring of Disaster {rElec MR+ MP+9 Dex+3 Slay+3}

@: studying Invocations, quick
A: change form in water, swift swim, stealthy swim, slimy green scales 2, thin
metallic scales 1, camouflage 1, clumsy 1, cold resistance 1, screaming 1,
strong 1, subdued magic 1
0: Orb of Zot
}: 3/15 runes: barnacled, silver, gossamer
a: Minor Destruction, Lesser Servant of Makhleb, Major Destruction, Greater
Servant of Makhleb, Renounce Religion, Evoke Invisibility


You escaped.
You worshipped Makhleb.
Makhleb was exalted by your worship.
You were not hungry.

You visited 10 branches of the dungeon, and saw 52 of its levels.
You visited the Abyss 1 time.
You visited 1 ziggurat, and saw 8 of its levels.
You also visited: Gauntlet, Ice Cave, Volcano, Wizlab and Desolation.

You collected 8387 gold pieces.
You spent 1790 gold pieces at shops.

Inventory:

Hand Weapons
 a - a +9 vampiric demon trident (weapon)
 b - a +9 demon trident of freezing
 p - a +9 trident of electrocution
Missiles
 d - 17 throwing nets
 L - 7 curare-tipped darts
 R - 109 silver javelins (quivered)
Armour
 g - a +0 shield of fire resistance
 j - the +10 large shield of Ignorance (worn) {rN+ Int-4}
   (You found it in the Desolation of Salt)

   It affects your intelligence (-4).
   It protects you from negative energy.
 m - a +2 pair of boots of running (worn)
 C - the +2 pair of gloves "Jekuhaw" (worn) {Str+2 Dex+4 SInv}
   (You bought it in a shop on level 2 of the Orcish Mines)

   It affects your strength (+2).
   It affects your dexterity (+4).
   It lets you see invisible.
 F - a +1 cloak of magic resistance (worn)
 I - the +0 hat of a wizard's laboratory (worn) {rF+ Str+4 Int+6}
   (You found it in an ice cave)

   It affects your strength (+4).
   It affects your intelligence (+6).
   It protects you from fire.
 J - a scarf of cloud immunity
 N - +12 gold dragon scales (worn)
Magical Staves
 n - an uncursed staff of wizardry
Jewellery
 r - an uncursed ring of resist corrosion
 w - the ring "Veoj" (left hand) {+Inv Slay+4}
   (You took it off an orc warrior on level 5 of the Vaults)

   [ring of slaying]

   It affects your accuracy and damage with ranged weapons and melee attacks
   (+4).
   It lets you turn invisible.
 B - the ring of Disaster (right hand) {rElec MR+ MP+9 Dex+3 Slay+3}
   (You found it in the Desolation of Salt)

   [ring of protection from magic]

   It affects your dexterity (+3).
   It affects your accuracy and damage with ranged weapons and melee attacks
   (+3).
   It insulates you from electricity.
   It affects your resistance to hostile enchantments.
   It affects your magic capacity (+9).
 T - the amulet "Zuasoer" (around neck) {Reflect rElec MR+ Str+3 Dex+3 SH+5}
   (You found it on level 3 of the Elven Halls)

   [amulet of reflection]

   It shields you and reflects attacks.
   It affects your strength (+3).
   It affects your dexterity (+3).
   It insulates you from electricity.
   It affects your resistance to hostile enchantments.
   It affects your SH (+5).
Wands
 i - a wand of iceblast (34)
 y - a wand of acid (36)
 D - a wand of digging (15)
Scrolls
 c - a scroll of fear
 h - 11 scrolls of immolation
 k - 29 scrolls of remove curse
 o - 2 scrolls of summoning
 q - 4 scrolls of silence
 z - 24 scrolls of teleportation
 M - 5 scrolls of magic mapping
 S - a scroll of enchant weapon
 V - 10 scrolls of blinking
 X - 11 scrolls of identify
 Y - a scroll of fog
Potions
 e - 10 potions of heal wounds
 l - 24 potions of curing
 s - 12 potions of lignification
 t - 6 potions of berserk rage
 u - 4 potions of magic
 v - 3 potions of cancellation
 x - 10 potions of brilliance
 A - 6 potions of flight
 E - 10 potions of might
 G - 13 potions of haste
 P - 7 potions of invisibility
 Q - 4 potions of agility
 U - 7 potions of ambrosia
 W - 2 potions of resistance
Books
 O - a manual of Invocations
Miscellaneous
 K - a lamp of fire
 Z - 6 boxes of beasts
Comestibles
 f - 118 rations


   Skills:
 O Level 27 Fighting
 - Level 22.0(22.1) Polearms
 - Level 1.3(9.6) Staves
 - Level 12.1 Throwing
 - Level 19.9 Armour
 - Level 4.0 Dodging
 - Level 0.6 Stealth
 - Level 23.5 Shields
 - Level 1.9 Unarmed Combat
 - Level 7.0 Spellcasting
 - Level 8.2 Charms
 - Level 0.2 Necromancy
 - Level 10.5 Transmutations
 + Level 2.8 Air Magic
 - Level 4.0 Earth Magic
 - Level 17.5 Invocations
 - Level 16.8 Evocations


You had 31 spell levels left.
You knew the following spells:

 Your Spells              Type           Power        Failure   Level  Hunger
a - Song of Slaying       Chrm           ##......     7%          2    ##.....
b - Passwall              Tmut/Erth      ##......     10%         2    ##.....
c - Swiftness             Chrm/Air       ##......     22%         2    ##.....
d - Regeneration          Chrm/Necr      #.........   58%         3    ###....

Your spell library contained the following spells:

 Spells                   Type           Power        Failure   Level  Hunger
 Infusion                 Chrm           ##..         4%          1    None
 Sandblast                Erth           #.....       26%         1    None
 Shroud of Golubria       Chrm/Tloc      #.....       36%         2    ##.....
 Petrify                  Tmut/Erth      ##......     58%         4    ####...
 Ozocubu's Armour         Chrm/Ice       #.......     61%         3    ###....
 Spectral Weapon          Hex/Chrm       #.......     61%         3    ###....
 Shock                    Conj/Air       #...         63%         1    None
 Ignite Poison            Fire/Tmut/Pois #.......     71%         3    ###....
 Poisonous Vapours        Pois/Air       #.....       77%         2    ##.....
 Animate Skeleton         Necr           N/A          78%         1    None
 Pain                     Necr           #...         78%         1    None
 Apportation              Tloc           #.....       82%         1    None
 Confusing Touch          Hex            #.....       82%         1    None
 Corona                   Hex            #......      82%         1    None
 Flame Tongue             Conj/Fire      #....        82%         1    None
 Freeze                   Ice            #...         82%         1    None
 Summon Butterflies       Summ           #.......     82%         1    None
 Summon Small Mammal      Summ           #...         82%         1    None
 Corpse Rot               Necr           N/A          89%         2    ##.....
 Sublimation of Blood     Necr           #.........   89%         2    ##.....
 Stone Arrow              Conj/Erth      #.....       89%         3    ###....
 Blink                    Tloc           N/A          92%         2    ##.....
 Call Imp                 Summ           #.......     92%         2    ##.....
 Ensorcelled Hibernation  Hex/Ice        #.....       92%         2    ##.....
 Throw Flame              Conj/Fire      #.....       92%         2    ##.....
 Throw Frost              Conj/Ice       #.....       92%         2    ##.....
 Static Discharge         Conj/Air       #.......     94%         3    ###....
 Mephitic Cloud           Conj/Pois/Air  #.......     96%         3    ###....
 Hydra Form               Tmut           ###.......   96%         6    #######
 Call Canine Familiar     Summ           #.......     99%         3    ###....
 Confuse                  Hex            #.......     99%         3    ###....
 Conjure Flame            Conj/Fire      #.......     99%         3    ###....
 Gell's Gravitas          Tloc           #.........   99%         3    ###....
 Inner Flame              Hex/Fire       #.......     99%         3    ###....
 Lesser Beckoning         Tloc           #.........   99%         3    ###....
 Portal Projectile        Hex/Tloc       #.....       99%         3    ###....
 Recall                   Summ/Tloc      N/A          99%         3    ###....
 Summon Guardian Golem    Hex/Summ       #.......     99%         3    ###....
 Teleport Other           Tloc           #.......     99%         3    ###....
 Tukima's Dance           Hex            #.......     99%         3    ###....
 Vampiric Draining        Necr           #.........   99%         3    ###....
 Alistair's Intoxication  Tmut/Pois      #.......     99%         5    ######.
 Irradiate                Conj/Tmut      #.........   99%         5    ######.
 Yara's Violent Unravell  Hex/Tmut       #.........   99%         5    ######.
 Animate Dead             Necr           N/A          100%        4    ####...
 Cause Fear               Hex            #.........   100%        4    ####...
 Fulminant Prism          Conj/Hex       #.........   100%        4    ####...
 Leda's Liquefaction      Hex/Erth       #.........   100%        4    ####...
 Sticky Flame             Conj/Fire      #.......     100%        4    ####...
 Summon Ice Beast         Ice/Summ       #.......     100%        4    ####...
 Summon Lightning Spire   Summ/Air       #.......     100%        4    ####...
 Throw Icicle             Conj/Ice       #.......     100%        4    ####...
 Agony                    Necr           #.......     100%        5    ######.
 Aura of Abjuration       Summ           #.........   100%        5    ######.
 Bolt of Draining         Conj/Necr      #.........   100%        5    ######.
 Bolt of Magma            Conj/Fire/Erth #.........   100%        5    ######.
 Dispel Undead            Necr           #.......     100%        5    ######.
 Excruciating Wounds      Chrm/Necr      #.........   100%        5    ######.
 Fireball                 Conj/Fire      #.........   100%        5    ######.
 Iskenderun's Battlesphe  Conj/Chrm      #.......     100%        5    ######.
 Lee's Rapid Deconstruct  Erth           #.........   100%        5    ######.
 Lightning Bolt           Conj/Air       #.........   100%        5    ######.
 Metabolic Englaciation   Hex/Ice        #.........   100%        5    ######.
 Silence                  Hex/Air        #.........   100%        5    ######.
 Summon Demon             Summ           #.........   100%        5    ######.
 Summon Forest            Summ/Tloc      #.........   100%        5    ######.
 Summon Mana Viper        Hex/Summ       #.......     100%        5    ######.
 Venom Bolt               Conj/Pois      #.........   100%        5    ######.
 Bolt of Fire             Conj/Fire      #.........   100%        6    #######
 Conjure Ball Lightning   Conj/Air       #.........   100%        6    #######
 Darkness                 Hex            #.........   100%        6    #######
 Death Channel            Necr           #.........   100%        6    #######
 Deflect Missiles         Chrm/Air       ##........   100%        6    #######
 Freezing Cloud           Conj/Ice/Air   #.........   100%        6    #######
 Invisibility             Hex            #.......     100%        6    #######
 Iron Shot                Conj/Erth      #.........   100%        6    #######
 Shadow Creatures         Summ           N/A          100%        6    #######
 Statue Form              Tmut/Erth      ##.......    100%        6    #######
 Dragon Form              Tmut           ###.......   100%        7    #######
 Orb of Destruction       Conj           #.........   100%        7    #######
 Ring of Flames           Chrm/Fire      #.........   100%        7    #######
 Spellforged Servitor     Conj/Summ      #.........   100%        7    #######
 Summon Hydra             Summ           #.........   100%        7    #######
 Borgnjor's Revivificati  Necr           #.........   100%        8    #######
 Discord                  Hex            #.........   100%        8    #######
 Ignition                 Fire           #.........   100%        8    #######
 Dragon's Call            Summ           #.........   100%        9    #######
 Shatter                  Erth           #.........   100%        9    #######
 Tornado                  Air            #.........   100%        9    #######
 Passage of Golubria      Tloc           Unusable     N/A         4    N/A

Dungeon Overview and Level Annotations

Branches:
Dungeon (15/15)            Temple (0/1) D:7            Lair (6/6) D:10
 Shoals (4/4) Lair:2       Spider (4/4) Lair:3        Slime (0/5) Lair:6
    Orc (2/2) D:9             Elf (3/3) Orc:2        Vaults (5/5) D:14
  Crypt (3/3) Vaults:3       Tomb (0/3) Crypt:3      Depths (5/5) D:15
    Zot (5/5) Depths:5      IceCv (visited)         Volcano (visited)
 WizLab (visited)         Desolation (visited)      Gauntlet (visited)

Altars:
Ashenzari
Cheibriados
Dithmenos
Makhleb
Ru
Sif Muna
Vehumet
Wu Jian
Xom
Yredelemnul
Beogh
Jiyva

Shops:
D:11 [   D:12 *   Orc:2 *[[[   Elf:2 :**   Vaults:2 ***:   Depths:5 [

Portals:
Hell: Depths:1 Depths:2 Depths:3 Depths:4 Depths:5
Abyss: Depths:4 Depths:5
Pandemonium: Depths:1 Depths:3
Trove: Depths:1 (give +4 fire dragon scales)

Annotations:
D:11 exclusion: downstairs
D:14 2 runed translucent doors, Cicylist's ghost, journeyman FoFi
Spider:3 exclusion: downstairs
Vaults:4 3 runed translucent doors, Synox's ghost, legendary FoFi
Depths:2 exclusion: downstairs
Zot:4 2 transporters, Juzit's ghost, legendary GnFi


Innate Abilities, Weirdness & Mutations

You revert to your normal form in water.
You are very nimble and swift while swimming.
You are very stealthy in the water. (Stealth+)
You are mostly covered in slimy green scales. (AC +3)
You are partially covered in thin metallic scales. (AC +2)
Your skin changes colour to match your surroundings (Stealth+).
You are clumsy. (Dex -2)
Your flesh is cold resistant. (rC+)
You occasionally shout uncontrollably at your foes.
Your muscles are strong. (Str +2)
Your spells are a little easier to cast, but a little less powerful.


Message History

The Brimstone Fiend is moderately wounded.
You perforate the Brimstone Fiend like a sieve!!!
The Brimstone Fiend is almost dead.
You block the Brimstone Fiend's attack. x2
The Brimstone Fiend barely misses you.
You puncture the Brimstone Fiend!
You kill the Brimstone Fiend!
Makhleb accepts your kill.
You feel your intelligence returning.
No target in view!
No target in view!
No target in view!
There is a stone staircase leading up here.
You climb upwards.
There is a stone staircase leading down here.
You see here a robe.
There is an open door here.
There is a staircase leading out of the dungeon here.
You can't go down here!
You have escaped!

###############
#.#.#.#.#.#÷#.#
#'#'#'#'#'#'#'#
####.#.#.#.#.#.#.####
#.'.......@.......'.# ##
####.#.#.#.#.#.#.#### ##.
#÷#'#'#'#'#†#'# #####..
#.#.#.#.#.#.#.# #......
#######.####### #####..
#.##.# ###. ########.##.#
#...
#...........##########...
#.##.....................


There were no monsters in sight!

Vanquished Creatures
  4 ancient liches
  A juggernaut (Depths:3)
  8 orbs of fire (Zot:5)
  Mennas (Depths:3)
  Sojobo (Depths:4)
  Frederick (Vaults:4)
  Bai Suzhen (Vaults:2)
  The ghost of bl4d3 the Slayer, a veteran GrFi of Okawaru (Depths:5)
  5 Killer Klowns
  A shard shrike (Zot:5)
  4 caustic shrikes (Depths:5)
  13 golden dragons
  Nikola (Spider:1)
  A bone dragon (Crypt:3)
  Arachne (Spider:3)
  A Brimstone Fiend (D:2)
  6 liches
  2 electric golems (Zot:5)
  An iron giant (Depths:5)
  14 tentacled monstrosities
  26 Orb Guardians
  2 deep elf blademasters (Elf:3)
  4 titans (Vaults:5)
  2 deep elf master archers (Elf:3)
  The ghost of Nilihum the Warrior, an adept HuFi of Okawaru (Shoals:4)
  15 quicksilver dragons
  6 death cobs
  An ancient champion (Crypt:1)
  8 sphinxes
  Kirke (Lair:4)
  The ghost of Bomyi the Brawler, an adept TrMo of Nemelex Xobeh (Depths:5)
  The ghost of Horu the Brawler, an adept TrMo of Nemelex Xobeh (Depths:5)
  12 shadow dragons
  14 storm dragons
  Frances (Shoals:1)
  16 tengu reavers
  A revenant (Zig:4)
  7 draconian monks
  Ilsuiw (Shoals:4)
  6 draconian knights
  An azure jelly (shapeshifter) (Vaults:5)
  14 frost giants
  7 ghost moths
  10 emperor scorpions
  16 fire giants
  8 deep elf sorcerers
  3 curse skulls
  4 iron dragons
  A caustic shrike zombie (Zig:7)
  6 imperial myrmidons (Desolation)
  Louise (Depths:4)
  9 draconian scorchers
  12 vault wardens
  4 deep elf elementalists
  4 draconian shifters
  A caustic shrike skeleton (Depths:4)
  29 very ugly things
  4 ghouls
  4 spriggan defenders
  5 draconian stormcallers
  4 war gargoyles
  16 ironheart preservers
  4 reapers
  9 vampire knights
  7 draconian annihilators
  35 stone giants
  4 entropy weavers
  2 deep elf demonologists
  8 black draconians
  26 purple draconians
  7 green draconians
  8 yellow draconians
  9 white draconians
  3 spark wasps
  4 orange crystal statues
  A minotaur (Gauntlet)
  8 deep elf annihilators
  Azrael (D:12)
  10 red draconians
  Snorg (Lair:6)
  2 halazid warlocks (Desolation)
  23 ettins
  2 eidola
  2 crystal guardians
  7 merfolk javelineers
  10 deep elf death magi
  5 jiangshi
  17 yaktaur captains
  2 green deaths (Zig:6)
  6 ragged hierophants
  3 deep elf high priests
  13 merfolk impalers
  13 fire dragons
  4 peacekeepers (Desolation)
  8 rakshasas
  28 vault guards
  6 great orbs of eyes
  9 hydras
  9 servants of whispers (Desolation)
  10 ice dragons
  A quicksilver dragon skeleton (Crypt:3)
  Erolcha (D:10)
  8 spriggan air magi
  A hydra (shapeshifter) (Vaults:5)
  3 death knights
  A shambling mangrove (Zig:6)
  10 centaur warriors
  An anaconda (shapeshifter) (Elf:2)
  4 merfolk aquamancers (Shoals:4)
  An alligator snapping turtle (Shoals:3)
  3 merfolk avatars
  28 dancing weapons
  3 alligators (Zig:6)
  3 satyrs
  A hell hog (Abyss:5)
  A queen ant (Spider:1)
  14 ogre magi
  13 deep troll shamans
  A titan zombie (Depths:4)
  45 two-headed ogres
  A tengu warrior (Depths:1)
  7 vampire magi
  13 deep troll earth magi
  2 thrashing horrors (Abyss:5)
  18 death yaks
  6 spriggan berserkers
  2 soul eaters
  16 hell knights
  A storm dragon zombie (Zig:7)
  3 orc high priests (Vaults:4)
  A wretched star (Abyss:5)
  3 titan skeletons
  25 deep elf knights
  9 iron trolls
  2 storm dragon skeletons (Crypt:3)
  An iron giant zombie (Crypt:1)
  29 skeletal warriors
  3 shadow wraiths
  4 unseen horrors
  A shadow demon (Depths:1)
  11 sea snakes
  45 deep trolls
  2 gelid demonspawn (Depths:1)
  A spatial maelstrom (Abyss:5)
  An entropy weaver zombie (Crypt:1)
  4 flayed ghosts
  8 glowing orange brains
  15 deep elf archers
  A swamp dragon (shapeshifter) (Depths:1)
  A swamp dragon (Zig:6)
  19 harpies
  A mana viper (shapeshifter) (Vaults:5)
  17 phantasmal warriors
  25 ironbrand convokers
  5 wizards
  An obsidian statue (Zig:7)
  8 necromancers
  An anaconda skeleton (Crypt:2)
  A wolf spider zombie (D:15)
  18 orc knights
  30 wolf spiders
  9 fauns
  16 orb spiders
  2 orc sorcerers (Vaults:5)
  A shadow dragon skeleton (Vaults:4)
  74 deep elf magi
  7 manticores
  33 ugly things
  A fire giant zombie (Crypt:2)
  7 cyclopes
  A shining eye (shapeshifter) (Vaults:5)
  30 moths of wrath
  9 elephants
  A worldbinder (Abyss:5)
  5 guardian serpents
  A fire giant skeleton (Crypt:3)
  10 black mambas
  12 vault sentinels
  12 water nymphs
  8 merfolk sirens
  A frost giant skeleton (Crypt:3)
  2 naga magi (D:15)
  2 ice statues
  2 black mambas (shapeshifter)
  2 molten gargoyles (Desolation)
  5 gargoyles
  2 centaur zombies
  3 smoke demons (Crypt:3)
  2 hellions
  14 spiny frogs
  A spiny frog (shapeshifter) (Vaults:3)
  A catoblepas zombie (Crypt:1)
  A rime drake (Lair:6)
  An elf zombie (Zig:7)
  An emperor scorpion zombie (Crypt:3)
  3 kobold demonologists
  11 demonic crawlers
  A tormentor (Depths:1)
  64 yaktaurs
  19 freezing wraiths
  2 komodo dragons
  A swamp worm zombie (Crypt:1)
  2 hellwings
  An ice devil (Zig:7)
  A pale draconian skeleton (Crypt:2)
  3 efreet (Zot:2)
  A harpy zombie (D:15)
  37 jumping spiders
  2 guardian mummies (Crypt:3)
  6 red devils (Crypt:3)
  12 trolls
  A merfolk (shapeshifter) (Depths:5)
  3 tengu conjurers (Depths:1)
  13 polar bears
  6 meliai
  A queen bee (Lair:1)
  16 hornets
  Prince Ribbit (D:8)
  A slime creature (shapeshifter) (D:15)
  51 saltlings
  26 merfolk
  A tengu simulacrum (Vaults:3)
  16 slime creatures
  6 snapping turtles
  4 blink frogs (Lair:6)
  2 ettin zombies
  A tarantella zombie (Crypt:2)
  An ettin skeleton (Vaults:4)
  3 dream sheep
  A stone giant simulacrum (Vaults:1)
  14 hippogriffs
  A meliai zombie (D:14)
  3 shadows
  3 centaur simulacra
  42 yaks
  2 large abominations (Abyss:5)
  13 wraiths
  A ynoxinul (Abyss:5)
  66 redbacks
  A fire dragon skeleton (Crypt:3)
  A tarantella (shapeshifter) (Vaults:4)
  25 tarantellas
  22 water elementals
  4 air elementals
  An alligator skeleton (Crypt:3)
  7 spriggans
  An orc simulacrum (Vaults:1)
  A wyvern (shapeshifter) (Depths:2)
  11 wyverns
  4 hungry ghosts
  A tyrant leech zombie (Crypt:2)
  3 basilisks
  4 fire elementals
  4 hogs
  6 vampire mosquitoes
  3 neqoxecs
  A redback simulacrum (D:15)
  Edmund (D:5)
  3 death yak simulacra (IceCv)
  A human simulacrum (Vaults:1)
  2 elf skeletons
  A spatial vortex (Abyss:5)
  3 acid dragons
  9 soldier ants
  10 wargs
  A gelid demonspawn skeleton (Crypt:1)
  A two-headed ogre zombie (D:9)
  19 water moccasins
  A spiny frog zombie (Crypt:3)
  8 porcupines
  22 hell hounds
  11 ice beasts
  An elephant zombie (Crypt:2)
  A meliai simulacrum (D:15)
  34 orc warriors
  7 sky beasts
  15 black bears
  3 phantoms
  A sky beast (shapeshifter) (Depths:1)
  An ettin simulacrum (Crypt:2)
  A necrophage (D:10)
  20 centaurs
  54 ogres
  23 boggarts
  2 manticore skeletons
  18 wolves
  7 small abominations
  6 crocodiles
  A big kobold (shapeshifter) (Depths:4)
  2 yaktaur zombies
  6 big kobolds
  23 bullfrogs
  A gnoll sergeant (D:5)
  A human skeleton (Vaults:1)
  3 earth elementals
  34 scorpions
  A warg skeleton (Crypt:1)
  2 troll zombies (D:9)
  2 elf simulacra
  33 killer bees
  A troll skeleton (Crypt:1)
  3 wights (D:8)
  2 howler monkeys
  9 electric eels
  A polar bear skeleton (Crypt:2)
  6 crimson imps
  5 draconian simulacra (IceCv)
  5 starcursed masses (Abyss:5)
  6 hounds
  7 jellies
  23 orc priests
  Crazy Yiuf (D:2)
  4 iron imps
  20 orc wizards
  A bullfrog skeleton (D:12)
  4 iguanas
  Ijyb (D:4)
  9 centaur skeletons
  Terence (D:2)
  A hell rat (D:10)
  A polar bear simulacrum (IceCv)
  30 worker ants
  5 troll simulacra (IceCv)
  A porcupine skeleton (Crypt:1)
  A killer bee zombie (D:8)
  3 spriggan simulacra (IceCv)
  5 ogre zombies (D:9)
  A bullfrog simulacrum (D:11)
  A felid skeleton (Crypt:1)
  A hound zombie (D:9)
  An ogre skeleton (Crypt:2)
  10 mummies
  2 worker ant zombies
  18 gnolls
  2 naga simulacra (IceCv)
  A river rat (D:10)
  9 adders
  4 ogre simulacra (IceCv)
  4 shadow imps
  A steam dragon skeleton (Crypt:2)
  28 white imps
  4 oozes
  An adder skeleton (D:6)
  An iguana skeleton (Crypt:1)
  2 worms
  3 dart slugs
  3 leopard geckos
  113 orcs
  2 ball pythons
  7 giant cockroaches
  7 goblins
  9 hobgoblins
  11 jackals
  6 quokkas
  12 bats
  5 frilled lizards
  A goblin skeleton (D:9)
  2 goblin zombies (D:9)
  A hobgoblin skeleton (D:9)
  3 hobgoblin zombies (D:9)
  23 kobolds
  A leopard gecko skeleton (D:7)
  A leopard gecko zombie (D:6)
  3 orc skeletons (D:9)
  15 orc zombies (D:9)
  13 rats
  A spectral orc (D:6)
  3 crawling corpses
  A lurking horror (Abyss:5)
2921 creatures vanquished.

Vanquished Creatures (collateral kills)
  A frost giant (D:15)
  A cacodemon (Gauntlet)
  A red draconian (Volcano)
  An ettin (Depths:3)
  2 merfolk impalers (Shoals:4)
  A peacekeeper (Desolation)
  A spriggan air mage (Depths:3)
  3 two-headed ogres (Volcano)
  A manticore (D:15)
  A merfolk (Shoals:4)
  2 redbacks (Spider:3)
15 creatures vanquished.

Vanquished Creatures (others)
  An ironheart preserver (Vaults:1)
  A yellow draconian (Zot:4)
  A red draconian (Zot:4)
  A deep troll shaman (Depths:2)
  2 deep elf knights
  2 deep elf magi
  A yaktaur (Zig:5)
  2 jumping spiders (Spider:2)
  A saltling (Desolation)
  3 ogres
  A scorpion (Spider:2)
  An orc (Vaults:5)
  16 fungi
  18 plants
  16 withered plants
67 creatures vanquished.

Grand Total: 3003 creatures vanquished

Notes
Turn   | Place    | Note
-------+----------+-------------------------------------------
     0 | D:1      | mnemonic the Merfolk Gladiator began the quest for the Orb.
     0 | D:1      | Reached XP level 1. HP: 16/16 MP: 1/1
   131 | D:1      | Reached XP level 2. HP: 21/22 MP: 2/2
   255 | D:1      | You fall into a shaft and drop 1 floor!
   323 | D:2      | Reached skill level 5 in Polearms
   351 | D:2      | Noticed a crimson imp
   363 | D:2      | Killed a crimson imp
   363 | D:2      | Reached skill level 1 in Armour
   363 | D:2      | Reached XP level 3. HP: 26/28 MP: 3/3
   498 | D:1      | Identified a +1 pair of boots of running (You found it on
                  | level 1 of the Dungeon)
   644 | D:1      | Reached XP level 4. HP: 33/34 MP: 4/4
   931 | D:2      | Noticed Terence
   948 | D:2      | Killed Terence
  1063 | D:2      | Noticed a sky beast
  1096 | D:2      | Killed a sky beast
  1096 | D:2      | Reached skill level 3 in Fighting
  1096 | D:2      | Reached XP level 5. HP: 41/41 MP: 5/5
  1415 | D:2      | Found a runed translucent door.
  1416 | D:2      | Noticed Crazy Yiuf
  1578 | D:2      | Found a burning altar of Makhleb.
  1700 | D:2      | Killed Crazy Yiuf
  1700 | D:2      | Reached skill level 1 in Shields
  1700 | D:2      | Reached XP level 6. HP: 24/47 MP: 6/6
  2122 | D:2      | Became a worshipper of Makhleb the Destroyer
  2689 | D:3      | Noticed an ice beast
  2706 | D:3      | Killed an ice beast
  2706 | D:3      | Reached XP level 7. HP: 52/52 MP: 7/7
  2939 | D:3      | Reached * piety under Makhleb
  3711 | D:4      | Noticed Ijyb
  3723 | D:4      | Killed Ijyb
  3723 | D:4      | Reached skill level 4 in Fighting
  4117 | D:5      | Entered Level 5 of the Dungeon
  4319 | D:5      | Noticed Edmund
  4403 | D:5      | Killed Edmund
  4403 | D:5      | Reached XP level 8. HP: 60/60 MP: 8/8
  4716 | D:5      | Found a radiant altar of Vehumet.
  5367 | D:6      | Reached skill level 10 in Polearms
  5637 | D:6      | Reached ** piety under Makhleb
  5637 | D:6      | Reached skill level 5 in Throwing
  5742 | D:6      | Reached XP level 9. HP: 66/66 MP: 9/9
  6201 | D:6      | Reached skill level 5 in Fighting
  6334 | D:6      | Found a basalt altar of Yredelemnul.
  6359 | D:6      | Reached *** piety under Makhleb
  6448 | D:7      | Found a sacrificial altar of Ru.
  6618 | D:7      | Reached skill level 5 in Armour
  6751 | D:7      | Found a staircase to the Ecumenical Temple.
  6835 | D:7      | Found a shimmering blue altar of Sif Muna.
  7075 | D:7      | Reached XP level 10. HP: 76/76 MP: 10/10
  7077 | D:7      | Found a snail-covered altar of Cheibriados.
  7510 | D:7      | Reached skill level 1 in Invocations
  7669 | D:8      | Noticed Prince Ribbit
  7681 | D:8      | Killed Prince Ribbit
  7681 | D:8      | Reached **** piety under Makhleb
  7985 | D:8      | Reached skill level 6 in Fighting
  8204 | D:8      | You fall into a shaft and drop 3 floors!
  8508 | D:11     | Noticed a brown ugly thing
  8529 | D:11     | Killed a brown ugly thing
  8694 | D:11     | Noticed a manticore
  8709 | D:11     | Killed a manticore
  8777 | D:11     | Reached skill level 7 in Fighting
  8777 | D:11     | Reached XP level 11. HP: 85/85 MP: 12/16
  8820 | D:10     | Entered Level 10 of the Dungeon
  8820 | D:10     | Noticed a death yak
  9230 | D:9      | Reached ***** piety under Makhleb
  9447 | D:9      | Found a staircase to the Orcish Mines.
  9609 | D:9      | Reached XP level 12. HP: 90/92 MP: 17/17
  9643 | D:9      | Reached skill level 8 in Fighting
 10076 | D:8      | Noticed a two-headed ogre
 10076 | D:8      | Noticed a two-headed ogre
 10094 | D:8      | Killed a two-headed ogre
 10105 | D:8      | Killed a two-headed ogre
 10663 | D:10     | Noticed Erolcha
 10671 | D:10     | Killed Erolcha
 10733 | D:10     | Noticed a death yak
 10733 | D:10     | Noticed a death yak
 10759 | D:10     | Killed a death yak
 10759 | D:10     | Reached skill level 5 in Shields
 10844 | D:10     | Killed a death yak
 10855 | D:10     | Killed a death yak
 10855 | D:10     | Reached skill level 9 in Fighting
 10899 | D:10     | Found a staircase to the Lair.
 11473 | D:11     | Found Daohock's Antique Armour Shop.
 11506 | D:11     | Bought a pair of blackened gloves for 294 gold pieces
 11511 | D:11     | Identified the +3 pair of gloves of the Shrike {Str+3} (You
                  | bought it in a shop on level 11 of the Dungeon)
 11627 | D:11     | Noticed a death yak
 11651 | D:11     | Killed a death yak
 12202 | D:12     | You fall into a shaft and drop 2 floors!
 12231 | D:14     | Got a bound ivory amulet
 12248 | D:14     | Identified the amulet of Ozxugit {Harm *Drain rElec rN+++
                  | Str-2 Dex+2} (You found it on level 14 of the Dungeon)
 12255 | D:14     | Found a gate to the Vaults.
 12255 | D:14     | Noticed a two-headed ogre
 12255 | D:14     | Noticed a two-headed ogre
 12271 | D:14     | Killed a two-headed ogre
 12271 | D:14     | Reached XP level 13. HP: 101/101 MP: 19/19
 12337 | D:14     | Reached ****** piety under Makhleb
 12639 | D:12     | Reached skill level 15 in Polearms
 12671 | D:12     | Identified the Almanac of Combed Thunderclap
 12696 | D:12     | Identified Ts'ui Pên's Tome of Forking Paths
 12703 | D:12     | Identified the Catalogue of Plaster Cramp
 12802 | D:12     | Found Gamahu's Assorted Antiques.
 12811 | D:12     | Bought a bubbling red potion for 20 gold pieces
 13039 | D:12     | Got a scorched chain mail
 13045 | D:12     | Identified the +2 chain mail "Taoguong" {rF+ rN+} (You
                  | found it on level 12 of the Dungeon)
 13206 | D:12     | Noticed Azrael
 13225 | D:12     | Killed Azrael
 13225 | D:12     | Reached skill level 10 in Fighting
 13773 | D:13     | Found a shadowy altar of Dithmenos.
 14163 | D:13     | Got a scintillating golden amulet
 14166 | D:13     | Identified the amulet "Xyibalu" {Regen+ Dex+4} (You found
                  | it on level 13 of the Dungeon)
 14335 | D:13     | Reached XP level 14. HP: 110/110 MP: 21/21
 14613 | D:14     | Reached skill level 10 in Invocations
 14925 | D:14     | Found a large runed translucent door.
 14925 | D:14     | Found a large runed translucent door.
 14962 | D:14     | Noticed Cicylist's ghost (journeyman FoFi)
 15414 | D:15     | Entered Level 15 of the Dungeon
 15707 | D:15     | Found a snail-covered altar of Cheibriados.
 15707 | D:15     | Found a radiant altar of Vehumet.
 16242 | D:15     | Found a staircase to the Depths.
 16251 | D:15     | Reached skill level 11 in Fighting
 16542 | D:15     | Noticed a frost giant
 16731 | D:15     | Killed a frost giant
 17000 | Lair:1   | Entered Level 1 of the Lair of Beasts
 17740 | Lair:1   | Reached XP level 15. HP: 119/119 MP: 23/23
 18021 | Lair:2   | Reached skill level 10 in Shields
 18123 | Lair:2   | Found a dark tunnel.
 18131 | Volcano  | Entered a volcano
 18163 | Volcano  | Found a burning altar of Makhleb.
 18366 | Lair:2   | Found a frozen archway.
 18375 | IceCv    | Entered an ice cave
 18723 | IceCv    | Found an ancient bone altar of Kikubaaqudgha.
 18957 | IceCv    | Reached skill level 10 in Armour
 19050 | IceCv    | Got a transparent hat
 19061 | IceCv    | Identified the +0 hat of a wizard's laboratory {rF+ Str+4
                  | Int+6} (You found it in an ice cave)
 19857 | Lair:2   | Found a staircase to the Shoals.
 20173 | Lair:3   | Found a hole to the Spider Nest.
 20859 | Lair:4   | Reached skill level 12 in Fighting
 20863 | Lair:4   | Noticed Kirke
 20936 | Lair:4   | Found a gate leading to a gauntlet.
 20942 | Gauntlet | Entered a Gauntlet
 20942 | Gauntlet | Found a transporter.
 20945 | Gauntlet | Found a transporter.
 20965 | Gauntlet | Found a transporter.
 20967 | Gauntlet | Found a large runed translucent door.
 20968 | Gauntlet | Found a large runed translucent door.
 20969 | Gauntlet | Found a transporter.
 20969 | Gauntlet | Found a large runed translucent door.
 20969 | Gauntlet | Found a large runed translucent door.
 20969 | Gauntlet | Found a runed translucent door.
 20970 | Gauntlet | Found a large runed translucent door.
 20971 | Gauntlet | Found a large runed translucent door.
 20972 | Gauntlet | Found a large runed translucent door.
 20972 | Gauntlet | Found a large runed translucent door.
 20973 | Gauntlet | Found a runed translucent gate.
 20981 | Gauntlet | Found a transporter.
 20981 | Gauntlet | Found a runed translucent gate.
 20982 | Gauntlet | Found a runed translucent gate.
 20982 | Gauntlet | Found a runed translucent door.
 20984 | Gauntlet | Found a large runed translucent door.
 20984 | Gauntlet | Found a large runed translucent door.
 20985 | Gauntlet | Found a large runed translucent door.
 20986 | Gauntlet | Found a large runed translucent door.
 20995 | Gauntlet | Found a transporter.
 21008 | Gauntlet | Found a transporter.
 21028 | Gauntlet | Found a transporter.
 21032 | Gauntlet | Found a transporter.
 21034 | Gauntlet | Found a runed translucent gate.
 21034 | Gauntlet | Found a runed translucent gate.
 21034 | Gauntlet | Found a runed translucent gate.
 21040 | Gauntlet | Found a transporter.
 21047 | Gauntlet | Noticed a cacodemon
 21065 | Gauntlet | Found a transporter.
 21067 | Gauntlet | Found a transporter.
 21100 | Gauntlet | Found a large runed translucent door.
 21101 | Gauntlet | Found a large runed translucent door.
 21102 | Gauntlet | Found a large runed translucent door.
 21102 | Gauntlet | Found a large runed translucent door.
 21166 | Gauntlet | Killed a cacodemon
 21331 | Gauntlet | Got a bound copper ring
 21334 | Gauntlet | Identified the ring "Ryfenk" {rElec rN+ Str+4 Int-5} (You
                  | found it in a Gauntlet)
 21409 | Gauntlet | Identified the Tome of Bewitchment
 21420 | Gauntlet | Identified Sif Muna's Grimoire of Bewitching Necromancy
 21573 | D:12     | Bought a scroll of enchant armour for 172 gold pieces
 21869 | Lair:4   | Noticed a sphinx
 21940 | Lair:4   | Noticed a sphinx
 21947 | Lair:4   | Killed Kirke
 23077 | Lair:6   | Entered Level 6 of the Lair of Beasts
 23101 | Lair:6   | Reached XP level 16. HP: 127/127 MP: 25/25
 23557 | Lair:6   | Found a runed translucent door.
 23559 | Lair:6   | Found a viscous altar of Jiyva.
 23773 | Lair:6   | Noticed Snorg
 23786 | Lair:6   | Killed Snorg
 24302 | Lair:6   | Found a staircase to the Slime Pits.
 25516 | Orc:1    | Entered Level 1 of the Orcish Mines
 25775 | Orc:2    | Entered Level 2 of the Orcish Mines
 25862 | Orc:2    | Reached skill level 13 in Fighting
 25977 | Orc:2    | Paralysed by an ogre mage for 3 turns
 25984 | Orc:2    | Reached XP level 17. HP: 136/136 MP: 26/26
 26149 | Orc:2    | Found a roughly hewn altar of Beogh.
 26187 | Orc:2    | Found Kokor's Armour Boutique.
 26187 | Orc:2    | Found Yphuufic's Assorted Antiques.
 26188 | Orc:2    | Found Zaaji's Armour Emporium.
 26188 | Orc:2    | Found Facosmiub's Antique Armour Boutique.
 26196 | Orc:2    | Bought a scroll of identify for 54 gold pieces
 26198 | Orc:2    | Bought a pair of translucent gloves for 342 gold pieces
 26208 | Orc:2    | Identified the +2 pair of gloves "Jekuhaw" {Str+2 Dex+4
                  | SInv} (You bought it in a shop on level 2 of the Orcish
                  | Mines)
 26275 | Orc:2    | Found a roughly hewn altar of Beogh.
 26344 | Orc:2    | Found a staircase to the Elven Halls.
 26755 | Spider:1 | Entered Level 1 of the Spider Nest
 27183 | Spider:1 | Noticed Nikola
 27187 | Spider:1 | Killed Nikola
 30027 | Spider:3 | Reached XP level 18. HP: 145/145 MP: 28/28
 30074 | Spider:3 | Noticed Arachne
 30097 | Spider:3 | Killed Arachne
 30712 | Spider:3 | Reached skill level 14 in Fighting
 30979 | Spider:4 | Entered Level 4 of the Spider Nest
 32101 | Spider:4 | Reached skill level 10 in Throwing
 32285 | Spider:4 | Got a gossamer rune of Zot
 32427 | Spider:4 | Learned a level 2 spell: Song of Slaying
 32587 | Shoals:1 | Entered Level 1 of the Shoals
 32957 | Shoals:1 | Noticed Frances
 32969 | Shoals:1 | Killed Frances
 34231 | Shoals:3 | Reached skill level 15 in Shields
 34706 | Shoals:3 | Reached XP level 19. HP: 153/153 MP: 29/29
 35566 | Shoals:4 | Entered Level 4 of the Shoals
 35584 | Shoals:4 | Found a runed translucent door.
 35595 | Shoals:4 | Noticed Nilihum's ghost (adept HuFi)
 36268 | Shoals:4 | Reached skill level 15 in Fighting
 37060 | Shoals:4 | Noticed Ilsuiw
 37086 | Shoals:4 | Killed Ilsuiw
 37292 | Shoals:4 | Got a barnacled rune of Zot
 37492 | Shoals:4 | Identified the +6 chain mail of Submission {rElec} (You
                  | found it on level 4 of the Shoals)
 37529 | Shoals:4 | Killed Nilihum's ghost
 37849 | Vaults:1 | Entered Level 1 of the Vaults
 38428 | Vaults:1 | Gained mutation: You are somewhat resistant to further
                  | mutation. [potion of mutation]
 38428 | Vaults:1 | Gained mutation: You occasionally shout uncontrollably at
                  | your foes. [potion of mutation]
 38429 | Vaults:1 | Lost mutation: You occasionally shout uncontrollably at
                  | your foes. [potion of mutation]
 38429 | Vaults:1 | Lost mutation: You are somewhat resistant to further
                  | mutation. [potion of mutation]
 38429 | Vaults:1 | Gained mutation: Your mind is acute. (Int +2) [potion of
                  | mutation]
 38429 | Vaults:1 | Gained mutation: You are partially covered in slimy green
                  | scales. (AC +2) [potion of mutation]
 38429 | Vaults:1 | Gained mutation: You are resistant to electric shocks.
                  | (rElec) [potion of mutation]
 38953 | Vaults:1 | Reached XP level 20. HP: 164/164 MP: 30/30
 39053 | Vaults:1 | Reached skill level 16 in Fighting
 39684 | Vaults:2 | Found Avvap's General Store.
 39692 | Vaults:2 | Bought a scroll of immolation for 70 gold pieces
 39692 | Vaults:2 | Bought a scroll of blinking for 150 gold pieces
 39850 | Vaults:2 | Found Pexicw's Assorted Antiques.
 39972 | Vaults:2 | Noticed Bai Suzhen
 40020 | Vaults:2 | Killed Bai Suzhen
 40337 | Vaults:2 | Found Jubbetiph's Assorted Antiques.
 40346 | Vaults:2 | Bought a scroll of enchant weapon for 262 gold pieces
 40346 | Vaults:2 | Bought a cabochon ring for 175 gold pieces
 40346 | Vaults:2 | Bought a scroll labeled TIZYIL ERAIHUT for 35 gold pieces
 40433 | Vaults:2 | Found Lick's Book Shop.
 40823 | Vaults:3 | Found a ruined gateway.
 40864 | Vaults:3 | Reached skill level 1 in Charms
 40872 | Vaults:3 | Reached skill level 1 in Spellcasting
 40896 | Desolati | Entered the Desolation of Salt
 41172 | Desolati | Identified the ring "Qeshreliq" {Wiz +Blink rElec rF- MR-}
 41190 | Desolati | Identified Piwo's Collected Works on Ice and the Volcanoes
 41197 | Desolati | Got a steaming lapis lazuli ring
 41198 | Desolati | Identified the ring "Ramiel Wie" {*Tele Int+4 Dex+3} (You
                  | found it in the Desolation of Salt)
 41775 | Desolati | Reached skill level 17 in Fighting
 41831 | Desolati | Reached XP level 21. HP: 174/174 MP: 31/31
 41864 | Desolati | Identified the +6 chain mail of Pathos {Regen+} (You found
                  | it in the Desolation of Salt)
 42038 | Desolati | Found the +10 large shield of Ignorance {rN+ Int-4}
 42095 | Desolati | Identified the Grimoire of the Traveller
 42102 | Desolati | Identified the ring of Disaster {rElec MR+ MP+9 Dex+3
                  | Slay+3} (You found it in the Desolation of Salt)
 42105 | Desolati | Got a pitted bone ring
 42114 | Desolati | Identified the ring of Agofy {Wiz Slay+3} (You found it in
                  | the Desolation of Salt)
 43004 | Vaults:3 | Found a staircase to the Crypt.
 43033 | Vaults:3 | Got a polished buckler
 43536 | Vaults:4 | Reached skill level 18 in Fighting
 43805 | Vaults:4 | Reached XP level 22. HP: 184/184 MP: 32/32
 43855 | Vaults:4 | Noticed Frederick
 43866 | Vaults:4 | Killed Frederick
 44096 | Vaults:4 | Reached skill level 15 in Armour
 44500 | Vaults:4 | Found a runed translucent gate.
 44500 | Vaults:4 | Found a runed translucent gate.
 44500 | Vaults:4 | Found a runed translucent gate.
 44659 | Vaults:4 | Identified the cursed +1 bardiche "Rutimy" {protect, +Blink
                  | Str-3 Int+2}
 44659 | Vaults:4 | Identified the +8 plate armour of Xoso {Str+5 Dex+4}
 44660 | Vaults:4 | Noticed Synox's ghost (legendary FoFi)
 44853 | Vaults:4 | Found a roughly hewn altar of Beogh.
 44866 | Vaults:4 | Identified the +2 buckler "Idymm" {Stlth+} (You found it on
                  | level 3 of the Vaults)
 44954 | Crypt:1  | Entered Level 1 of the Crypt
 46065 | Crypt:2  | Reached skill level 19 in Fighting
 46573 | Crypt:3  | Entered Level 3 of the Crypt
 47180 | Crypt:3  | Identified the +3 chain mail of the Lonely Tables {+Blink
                  | rF- Str+2 Dex+3}
 47250 | Crypt:3  | Reached XP level 23. HP: 194/194 MP: 33/33
 47401 | Crypt:3  | Identified the ring of Esavy {rF- MR+ MP+9 Int+2 SInv}
 47452 | Crypt:3  | Found a staircase to the Tomb.
 47464 | Crypt:3  | Noticed an ancient lich
 47486 | Crypt:3  | Killed an ancient lich
 47508 | Crypt:3  | Identified the Grimoire of Evil Arts
 47517 | Crypt:3  | Noticed an ancient lich
 47525 | Crypt:3  | Cast into level 5 of the Abyss (an ancient lich)
 47525 | Abyss:5  | Entered Level 5 of the Abyss
 47539 | Abyss:5  | Found a corrupted altar of Lugonu.
 47543 | Abyss:5  | Found a transporter.
 47803 | Crypt:3  | Escaped the Abyss
 47813 | Crypt:3  | Killed an ancient lich
 48121 | Crypt:3  | Identified a scroll of acquirement
 48124 | Crypt:3  | Identified the +0 cloak "Renicid" {rF+ Int+4} (You acquired
                  | it on level 3 of the Crypt)
 48580 | Crypt:3  | Found the +2 ratskin cloak {+Rats rPois rN+ Str-1 Int-1
                  | Dex+1}
 48586 | Crypt:3  | Got a warped steel ring
 48587 | Crypt:3  | Identified the ring "Jauvvopn" {+Inv rC+ rN+ MR+ Str-5}
                  | (You found it on level 3 of the Crypt)
 48590 | Crypt:3  | Identified the ring "Hesh" {rN+ Str+5} (You found it on
                  | level 3 of the Crypt)
 48990 | Vaults:5 | Entered Level 5 of the Vaults
 49047 | Vaults:5 | Reached skill level 20 in Fighting
 49048 | Vaults:5 | Noticed an ancient lich
 49050 | Vaults:5 | Reached XP level 24. HP: 204/204 MP: 33/33
 49066 | Vaults:4 | Killed an ancient lich
 49332 | Vaults:5 | Identified the ring "Veoj" {+Inv Slay+4}
 49344 | Vaults:5 | Identified the +3 ring mail of Pan-Flutes {rElec rF+ Str-5
                  | Dex+5}
 49360 | Vaults:5 | Identified the +6 whip of Harigray {flame, rPois Stlth+}
 49696 | Vaults:5 | Identified the ring "Ekupp" {*Tele rElec Str+4 Int+2}
 49812 | Vaults:5 | Identified the Handbook of Black Arts and the Oath
 49829 | Vaults:5 | Identified the cursed +0 plate armour of the Journeyman
                  | {rF+ Int+4}
 50828 | Vaults:5 | Got a silver rune of Zot
 50834 | Vaults:5 | Identified Xuaxuga's Compendium of Torrid Summoning
 51052 | Depths:1 | Entered Level 1 of the Depths
 51092 | Depths:1 | Found a one-way gate leading to the halls of Pandemonium.
 51157 | Depths:1 | Got a vibrating emerald amulet
 51158 | Depths:1 | Identified the amulet of Cahusmeb {Harm *Drain rF+ Dex+2}
                  | (You found it on level 1 of the Depths)
 51200 | Depths:1 | Reached XP level 25. HP: 200/212 MP: 33/33
 51221 | Depths:1 | Found a gateway to a ziggurat.
 51301 | Depths:1 | Found a portal to a secret trove of treasure.
 52331 | Depths:1 | Found a gateway to Hell.
 52499 | Depths:1 | Reached skill level 5 in Evocations
 53250 | Depths:1 | Reached skill level 21 in Fighting
 53328 | Depths:1 | Reached skill level 5 in Charms
 53935 | Depths:2 | Identified the Disquisition on Assistive Flames
 54065 | Depths:2 | Identified the amulet of Immorality {RegenMP rC+} (You
                  | found it on level 2 of the Depths)
 54418 | Depths:3 | Noticed a juggernaut
 54430 | Depths:3 | Killed a juggernaut
 54430 | Depths:3 | Reached skill level 5 in Spellcasting
 54566 | Depths:3 | Reached XP level 26. HP: 222/222 MP: 33/33
 54628 | Depths:3 | Noticed Mennas
 54649 | Depths:3 | Killed Mennas
 54730 | Depths:3 | Found a magical portal.
 54838 | WizLab   | Found the +9 staff of Wucad Mu {channel}
 54873 | WizLab   | Reached XP level 27. HP: 227/228 MP: 33/33
 55470 | Depths:3 | Learned a level 2 spell: Passwall
 55619 | Depths:4 | Noticed Louise
 55683 | Depths:4 | Killed Louise
 56254 | Depths:4 | Found a one-way gate to the infinite horrors of the Abyss.
 56351 | Depths:4 | Noticed Sojobo
 56366 | Depths:4 | Reached skill level 1 in Transmutations
 56373 | Depths:4 | Killed Sojobo
 56437 | Depths:4 | Reached skill level 1 in Earth Magic
 56797 | Depths:4 | Found a glowing silver altar of Zin.
 56799 | Depths:4 | Found an opulent altar of Gozag.
 56799 | Depths:4 | Found an ornate altar of the Wu Jian Council.
 56801 | Depths:4 | Found a shimmering altar of Xom.
 56801 | Depths:4 | Found a shattered altar of Ashenzari.
 56801 | Depths:4 | Found a shimmering altar of Xom.
 56976 | Depths:5 | Entered Level 5 of the Depths
 57075 | Depths:5 | Reached skill level 22 in Fighting
 57232 | Depths:5 | Found a gate to the Realm of Zot.
 57435 | Depths:5 | Reached skill level 5 in Transmutations
 57854 | Depths:5 | Found Agaiggas's Armour Shoppe.
 57997 | Depths:5 | Found a runed translucent door.
 58054 | Depths:5 | Noticed Horu's ghost (adept TrMo)
 58218 | Depths:5 | Killed Horu's ghost
 58236 | Depths:5 | Found a runed translucent door.
 58240 | Depths:5 | Noticed bl4d3's ghost (veteran GrFi)
 58315 | Depths:5 | Killed bl4d3's ghost
 58315 | Depths:5 | Reached skill level 23 in Fighting
 58349 | Depths:5 | Found a runed translucent door.
 58349 | Depths:5 | Noticed Bomyi's ghost (adept TrMo)
 58351 | Depths:5 | Found the +6 shillelagh "Devastator" {shatter}
 58386 | Depths:5 | Killed Bomyi's ghost
 58455 | Depths:5 | Got a shimmering gossamer ring
 58456 | Depths:5 | Identified the cursed ring "Zijeviev" {rF- Str+4 Dex-3}
                  | (You found it on level 5 of the Depths)
 58461 | Depths:5 | Learned a level 2 spell: Swiftness
 58883 | Elf:1    | Entered Level 1 of the Elven Halls
 59580 | Elf:2    | Found Muilau Mopho's Book Emporium.
 59580 | Elf:2    | Found Eshat's Assorted Antiques.
 59701 | Elf:2    | Found Uniguimn's Assorted Antiques.
 59864 | Elf:2    | Found a runed translucent gate.
 59866 | Elf:2    | Found a runed translucent gate.
 59867 | Elf:2    | Found a runed translucent gate.
 60097 | Elf:2    | Reached skill level 24 in Fighting
 60400 | Elf:3    | Entered Level 3 of the Elven Halls
 61120 | Elf:3    | Identified the +2 hand axe of the Valley of Death {venom,
                  | rPois MR+ Int+3}
 61180 | Elf:3    | Identified the Volume of the Boosting Glacier
 61188 | Elf:3    | Got a bound marble ring
 61189 | Elf:3    | Identified the ring "Kinuykae" {+Fly MR- Int+5} (You found
                  | it on level 3 of the Elven Halls)
 61192 | Elf:3    | Got a scorched lead amulet
 61193 | Elf:3    | Identified the amulet "Zuasoer" {Reflect rElec MR+ Str+3
                  | Dex+3 SH+5} (You found it on level 3 of the Elven Halls)
 61886 | Zig:1    | Entered Level 1 of a ziggurat
 61891 | Zig:1    | Reached skill level 10 in Transmutations
 61992 | Zig:2    | Entered Level 2 of a ziggurat
 62062 | Zig:3    | Entered Level 3 of a ziggurat
 62063 | Zig:3    | Noticed an ancient lich
 62072 | Zig:3    | Killed an ancient lich
 62086 | Zig:3    | Identified the +2 trident of Beogh's Approval {elec, *Slow
                  | +Inv rPois Str-3} (You found it on level 3 of a ziggurat)
 62091 | Zig:4    | Entered Level 4 of a ziggurat
 62102 | Zig:4    | Reached skill level 25 in Fighting
 62143 | Zig:5    | Entered Level 5 of a ziggurat
 62187 | Zig:6    | Entered Level 6 of a ziggurat
 62260 | Zig:7    | Entered Level 7 of a ziggurat
 62413 | Zig:7    | Identified Etisif's Collected Works on the Feathery Blaze
 62429 | Zig:7    | Learned a level 3 spell: Regeneration
 62442 | Zig:8    | Entered Level 8 of a ziggurat
 62451 | Zig:8    | Noticed a greater mummy
 62470 | Zig:8    | HP: 12/240 [??? (8)]
 63128 | Zot:1    | Entered Level 1 of the Realm of Zot
 63381 | Zot:1    | Reached skill level 15 in Invocations
 63417 | Zot:1    | Gained mutation: Your spells are a little easier to cast,
                  | but a little less powerful. [mutagenic glow]
 64465 | Zot:2    | Reached skill level 26 in Fighting
 65089 | Zot:2    | Got a warped iron ring
 65090 | Zot:2    | Identified the ring "Geidef" {rPois Dex+6} (You found it on
                  | level 2 of the Realm of Zot)
 67220 | Elf:2    | Bought a wand of digging (5) for 216 gold pieces
 67788 | Zot:4    | Noticed Juzit's ghost (legendary GnFi)
 67789 | Zot:4    | Found a transporter.
 67789 | Zot:4    | Noticed an orb of fire
 67790 | Zot:4    | Found a transporter.
 68315 | Zot:5    | Entered Level 5 of the Realm of Zot
 68397 | Zot:5    | Reached skill level 27 in Fighting
 68495 | Zot:5    | Reached skill level 1 in Unarmed Combat
 68575 | Zot:5    | Reached skill level 1 in Staves
 68575 | Zot:5    | Reached skill level 1 in Air Magic
 68836 | Zot:5    | Noticed an orb of fire
 68839 | Zot:5    | Noticed an orb of fire
 68840 | Zot:5    | Noticed an orb of fire
 68841 | Zot:5    | Killed an orb of fire
 68841 | Zot:5    | Reached skill level 10 in Evocations
 68844 | Zot:5    | Noticed an orb of fire
 68844 | Zot:5    | Killed an orb of fire
 68846 | Zot:5    | Noticed an orb of fire
 68847 | Zot:5    | Killed an orb of fire
 68848 | Zot:5    | Noticed an orb of fire
 68849 | Zot:5    | Killed an orb of fire
 68850 | Zot:5    | Gained mutation: Armour fits poorly on your strangely
                  | shaped body. [an orb of fire]
 68852 | Zot:5    | Noticed an orb of fire
 68854 | Zot:5    | Gained mutation: You are frail. (-10% HP) [an orb of fire]
 68856 | Zot:5    | Killed an orb of fire
 68857 | Zot:5    | Killed an orb of fire
 68857 | Zot:5    | Killed an orb of fire
 68859 | Zot:5    | Noticed an orb of fire
 68862 | Zot:5    | Gained mutation: Your spells are easier to cast, but less
                  | powerful. [an orb of fire]
 68866 | Zot:5    | Killed an orb of fire
 68938 | Zot:5    | Reached skill level 15 in Evocations
 69447 | Vaults:4 | Lost mutation: Your spells are easier to cast, but less
                  | powerful. [potion of mutation]
 69447 | Vaults:4 | Lost mutation: Your mind is acute. (Int +2) [potion of
                  | mutation]
 69447 | Vaults:4 | Lost mutation: Your spells are a little easier to cast, but
                  | a little less powerful. [potion of mutation]
 69447 | Vaults:4 | Gained mutation: Your flesh is cold resistant. (rC+)
                  | [potion of mutation]
 69447 | Vaults:4 | Gained mutation: Your spells are a little easier to cast,
                  | but a little less powerful. [potion of mutation]
 69447 | Vaults:4 | Gained mutation: You are mostly covered in slimy green
                  | scales. (AC +3) [potion of mutation]
 69448 | Vaults:4 | Lost mutation: Armour fits poorly on your strangely shaped
                  | body. [potion of mutation]
 69448 | Vaults:4 | Lost mutation: You are resistant to electric shocks.
                  | (rElec) [potion of mutation]
 69448 | Vaults:4 | Gained mutation: You are partially covered in thin metallic
                  | scales. (AC +2) [potion of mutation]
 69448 | Vaults:4 | Gained mutation: Your skin changes colour to match your
                  | surroundings (Stealth+). [potion of mutation]
 69448 | Vaults:4 | Lost mutation: You are frail. (-10% HP) [potion of
                  | mutation]
 69448 | Vaults:4 | Gained mutation: Your muscles are strong. (Str +2) [potion
                  | of mutation]
 70691 | Zot:5    | Got the Orb of Zot
 70869 | Zot:1    | Gained mutation: You are clumsy. (Dex -2) [a neqoxec]
 71061 | D:15     | Gained mutation: You occasionally shout uncontrollably at
                  | your foes. [a neqoxec]
 71255 | D:7      | Noticed an ancient lich
 71393 | D:$      | Escaped with the Orb!

Levels and vault maps discovered:
D:1:      onia_arrival_larder, layout_loops_ring
D:2:      layout_loops_ring, makhleb_grotto_becter, uniq_crazy_yiuf_cottage,
          uniq_terence
D:3:      layout_rooms, grunt_ministairs_14
D:4:      layout_loops_ring, first_ration, chequers_avenue, grunt_tough_drop,
          uniq_ijyb
D:5:      layout_basic, vehumet_crystals, uniq_edmund
D:6:      kennysheep_housing_project, layout_basic,
          yredelemnul_forgotten_temple_becter
D:7:      layout_loops_ring, tgw_sif, minitemple, minmay_temple_entry_junction
D:8:      minmay_opposing_rooms, layout_loops_ring, uniq_prince_ribbit1
D:9:      layout_cave_pods, zombieorc2_lemuel, nicolae_wwwww
D:10:     layout_loops_ring, dpeg_lair_monsters, special_room
          [special_room_orc], uniq_erolcha
D:11:     layout_loops_ring, serial_shops, nicolae_shop_crystal, serial_ice,
          serial_ice_k, serial_ice_d, serial_ice_h, serial_ice_o, the_bakery,
          minmay_misc_feat_five
D:12:     layout_irregular_city, serial_shops, nicolae_shop_stone,
          bh_hangedman_babel_library, uniq_azrael
D:13:     layout_grid_maze, basic_altar
D:14:     layout_basic, david_vaults_2, minmay_misc_feat_iff,
          ebering_ghost_disaster_area, kennysheep_generic_room_16
D:15:     grunt_enter_depths_magical_seal, layout_loops_ring, st_stairs_10,
          jmf_multi_god_temple
Lair:1:   layout_gridlike, special_room [special_room_bee],
          gammafunk_lair_bear_cave
Lair:2:   layout_regular_city, elwin_shoals_entry_rooms,
          lightli_volcano_entry_magma_tube, portal_ice_cave_entry_imps,
          beast_lair_carwin_2
Lair:3:   layout_loops_ring, spider_nest_entry_a
Lair:4:   layout_small_grid, gauntlet_entry_generic, uniq_kirke
Lair:5:   layout_hall_layers
Lair:6:   hangedman_lair_tendril_chambers, layout_cave_pods,
          hangedman_lair_caniforms_friends, slime_altar_2,
          chequers_serial_rivers_micro_d, minivault_11, minivault_27,
          serial_bayou_pond_e, serial_bayou_pond_e, uniq_snorg
Shoals:1: layout_shoals, uniq_frances
Shoals:2: layout_shoals
Shoals:3: layout_shoals
Shoals:4: shoals_end_grunt_ice, layout_shoals, shoals_ilsuiw_alternative,
          gammafunk_ghost_grave
Spider:1: layout_spider_delve, minmay_another_anthill, uniq_nikola
Spider:2: spiders_nest_a
Spider:3: layout_spider_delve, uniq_arachne
Spider:4: grunt_spider_rune_circles
Orc:1:    layout_diamond_mine, basic_altar
Orc:2:    st_orc_ogre_mass, layout_caves, basic_altar, mines1_david
Elf:1:    layout_gridlike, minivault_28
Elf:2:    layout_loops_cross, serial_shops, shop, shop, shop, uniq_louise
Elf:3:    minmay_elf_hall_statues, layout_onion_city, st_stairs_2, drop_trap
Vaults:1: nicolae_vaults_stairing_the_circle, vaults_room_ringed_pool,
          vaults_standard_mumra_x, v_misc_10, v_misc_11,
          vaults_mumra_bighexcomb, vaults_room_corners, layout_vaults_ring
Vaults:2: hangedman_vaults_stitches, v_pattern_5, ontoclasm_vaults_ring_small,
          vaults_room_semicircle, nicolae_vaults_little_squares_1,
          vaults_room_semicircle, layout_vaults_omnigrid, serial_shops,
          nicolae_shop_trees, nicolae_shop_temple_entry_statues_fountains, shop,
          shop_fountains, uniq_bai_suzhen
Vaults:3: v_misc_1, vaults_room_large_hall, nicolae_vaults_murderbox,
          minmay_crypt_entry_simple_plaza, hangedman_vaults_corner,
          hangedman_vaults_river_flow, nicolae_vaults_little_squares_1,
          v_misc_1, layout_vaults_maze_snakey,
          portal_desolation_entry_nicolae_nacl
Vaults:4: biasface_vaults_ghost_orc_armoury, v_rooms_2,
          nicolae_vaults_halls_meeting, nicolae_vaults_little_squares_6,
          v_misc_22, v_pattern_1, hangedman_vaults_snaps, vaults_room_fours,
          vaults_room_fours, dpeg_vaults_monster_box, v_misc_8, v_misc_23,
          ontoclasm_vaults_tryst, layout_vaults_omnicross, uniq_frederick
Vaults:5
Crypt:1:  layout_chaotic_city
Crypt:2:  layout_basic
Crypt:3:  quadcrypt_mu
Depths:1: grunt_bruiser_brothers, layout_basic, enter_ziggurat_b,
          nicolae_trove_entry_diagonal, grunt_hell_entry_dis_mu,
          rand_demon_pan_entry_3, minmay_misc_feat_cross, kennysheep_two_boxes
Depths:2: minmay_the_grid_square_5x5_5x5_mashed
          [minmay_the_grid_square_5x5_moneybag,
          minmay_the_grid_square_5x5_percent,
          minmay_the_grid_square_5x5_inner_z,
          minmay_the_grid_square_5x5_gyroscope,
          minmay_the_grid_square_5x5_bridge, minmay_the_grid_square_5x5_plus,
          minmay_the_grid_square_5x5_prize_open,
          minmay_the_grid_square_5x5_tetrominoes,
          minmay_the_grid_square_5x5_prize_monsterx,
          minmay_the_grid_square_5x5_forky,
          minmay_the_grid_square_5x5_hollow_slash,
          minmay_the_grid_square_5x5_corner,
          minmay_the_grid_square_5x5_prize_open,
          minmay_the_grid_square_5x5_shrine2,
          minmay_the_grid_square_5x5_checkered,
          minmay_the_grid_square_5x5_three_walls,
          minmay_the_grid_square_5x5_prize_waves,
          minmay_the_grid_square_5x5_intrusive_squares,
          minmay_the_grid_square_5x5_prize_itemx,
          minmay_the_grid_square_5x5_trominoes,
          minmay_the_grid_square_5x5_slash, minmay_the_grid_square_5x5_longway,
          minmay_the_grid_square_5x5_dogpile,
          minmay_the_grid_square_5x5_two_walls_a,
          minmay_the_grid_square_5x5_fancy_junction], layout_cave_pools,
          hell_entry
Depths:3: hangedman_arrow_trap, layout_gridville, mu_enter_wizlab_4, hell_entry,
          pan_entry, hex_medium, minmay_misc_feat_square, minivault_22,
          uniq_mennas
Depths:4: minmay_stepped, layout_basic, nicolae_abyss_entry_one_way_or_another,
          minmay_misc_feat_more_columns, hell_entry, doesnt_xom_only_xom,
          uniq_sojobo
Depths:5: grunt_crosshair, layout_gridlike, pf_coc_iceberg, serial_shops, shop,
          muffindrake_ghost_three_little_ghosts, abyss_entry_small_statue_room
Zot:1:    cheibrodos_zot_enchanting_chambers, layout_misc_corridors,
          grunt_megastairs_2
Zot:2:    lemuel_halls_of_wrath, layout_concentric_octagons,
          st_single_dragon_hoard_4
Zot:3:    layout_onion_interference
Zot:4:    layout_misc_corridors, gammafunk_ghost_arena,
          hangedman_zot_decor_tridents
Zot:5:    layout_onion

Skill      XL: |  1  2  3  4  5  6  7  8  9 10 11 12 13 14 15 16 17 18 19 20 21 22 23 24 25 26 27 |
---------------+----------------------------------------------------------------------------------+-----
Polearms       | 5 7 8 9 10 12 13 14 15 16 17 18 19 20 21 22 | 22.0
Armour         | 1 2 3 4 5 7 8 9 10 11 12 13 14 15 16 17 19 | 19.9
Fighting       | 3 4 5 7 9 10 11 12 13 14 15 17 18 19 20 21 27 | 27.0
Shields        | 1 2 3 4 6 8 9 11 12 13 15 16 18 19 21 22 23 | 23.5
Throwing       | 3 5 6 7 8 9 10 12 | 12.1
Invocations    | 6 7 8 9 11 12 13 14 17 | 17.5
Evocations     | 3 4 6 7 16 | 16.8
Charms         | 3 6 7 8 |  8.2
Spellcasting   | 2 3 5 7 |  7.0
Transmutations | 10 | 10.5
Earth Magic    | 4 |  4.0
Unarmed Combat | 1 |  1.9
Staves         | 1 |  1.3
Air Magic      | 2 |  2.8
Dodging        | |  4.0
Stealth        | |  0.6
Necromancy     | |  0.2

Action                   |  1- 3 |  4- 6 |  7- 9 | 10-12 | 13-15 | 16-18 | 19-21 | 22-24 | 25-27 || total
-------------------------+-------+-------+-------+-------+-------+-------+-------+-------+-------++-------
Melee: Trident           |    58 |   202 |   456 |   727 |  1909 |  2575 |   325 |   782 |       ||  7034
       Tailslap          |       |       |       |       |     9 |    20 |    49 |     4 |     6 ||    88
       Demon trident     |       |       |       |       |       |       |  1590 |   742 |  3717 ||  6049
Throw: Dart              |       |    24 |   138 |    55 |    32 |    55 |     1 |       |       ||   305
       Boomerang         |       |       |     4 |    39 |    88 |    22 |       |       |       ||   153
       Javelin           |       |       |       |       |     9 |     1 |    12 |     2 |    29 ||    53
 Cast: Song of Slaying   |       |       |       |       |       |       |       |       |   101 ||   101
Invok: Lesser Servant of |       |       |       |     1 |    11 |     5 |     4 |     1 |     4 ||    26
       Minor Destruction |       |       |       |       |     5 |       |     1 |       |       ||     6
       Greater Servant o |       |       |       |       |     1 |       |     1 |     1 |     7 ||    10
 Abil: Evoke Invisibilit |       |       |       |       |       |       |       |       |     2 ||     2
Evoke: Wand              |       |       |     1 |       |     4 |     4 |       |       |     4 ||    13
  Use: Scroll            |       |       |     7 |    11 |    20 |    11 |    20 |    11 |    37 ||   117
       Potion            |       |       |       |     1 |     6 |       |     4 |     6 |    10 ||    27
 Stab: Sleeping          |     5 |     1 |       |       |       |       |       |       |       ||     6
       Distracted        |       |       |       |       |     6 |     2 |     1 |     1 |     5 ||    15
       Held in net/web   |       |       |       |       |       |     5 |       |       |       ||     5
       Invisible         |       |       |       |       |       |       |       |       |    14 ||    14
  Eat: Chunk             |       |     5 |    31 |    20 |    23 |    30 |    22 |    12 |    43 ||   186
       Ration            |       |       |       |       |     2 |     2 |     2 |     4 |     8 ||    18
Armor: Leather armour    |     6 |    20 |       |       |       |       |       |       |       ||    26
       Chain mail        |       |    64 |   142 |    34 |   391 |       |       |       |       ||   631
       Plate armour      |       |       |       |   179 |    65 |       |       |       |       ||   244
       Ring mail         |       |       |       |       |    64 |       |       |       |       ||    64
       Gold dragon scale |       |       |       |       |    32 |  1381 |   543 |   324 |  1171 ||  3451
Dodge: Dodged            |    23 |    78 |   100 |   109 |   366 |   720 |   278 |   119 |   505 ||  2298
Block: Buckler           |     3 |    36 |    76 |    80 |       |       |       |       |       ||   195
       Large shield      |       |       |       |   122 |   785 |       |   506 |  1299 |  4583 ||  7295
       Shield            |       |       |       |       |   290 |  1836 |   661 |       |       ||  2787
       Reflection        |       |       |       |       |       |       |       |       |    33 ||    33
